 Dungeon Crawl Stone Soup version bcrawl-1.19.1 (webtiles) character file.

Game seed: 13617558990221172606

118 Freyura the Shield-Bearer (level 4, 0/28 HPs)
             Began as a Skeleton Fighter on Nov 24, 2019.
             Slain by a kobold
             ... wielding a +0 short sword
              (3 damage)
             ... on level 2 of the Dungeon.
             The game lasted 00:05:23 (1780 turns).

Freyura the Shield-Bearer (Skeleton Fighter)        Turns: 1780, Time: 00:05:23

Health: 0/28       AC:  8    Str: 21 (22) XL:     4   Next: 72%
Magic:  0/4        EV:  8    Int:  6 (7)  God:
Gold:   364        SH: 10    Dex:  8 (9)  Spells: 3/3 levels left

rFire    . . .     SeeInvis .   a - +0 long sword
rCold    + . .     Gourm    .   c - +0 shield
rNeg     + + +     Faith    .   b - +0 scale mail
rPois    ∞         Spirit   +   (no helmet)
rElec    .         Reflect  .   (no cloak)
rCorr    .         Harm     .   i - +0 pair of gloves (curse)
MR       +....                  (no boots)
Stlth    ++........             (no amulet)
HPRegen  0.09/turn              h - ring of protection from magic
MPRegen  0.09/turn              j - ring of stealth

@: no status effects
A: no food or potions, cold resistance 1, deterioration 1, negative energy
resistance 3, torment resistance, unbreathing, magic shield, sturdy frame 1,
spell healing
a: no special abilities


You were on level 2 of the Dungeon.
You were not hungry.

You visited 1 branch of the dungeon, and saw 3 of its levels.

You collected 364 gold pieces.

Inventory:

Hand Weapons
 a - a +0 long sword (weapon)
Armour
 b - a +0 scale mail (worn)
 c - a +0 shield (worn)
 i - a cursed +0 pair of gloves (worn)
 k - a +0 chain mail
Jewellery
 f - a +4 ring of intelligence
 g - an uncursed ring of flight
 h - a ring of protection from magic (left hand)
 j - a ring of stealth (right hand)
Scrolls
 d - 2 scrolls of teleportation
 e - a scroll of identify
 l - 2 scrolls of remove curse
 m - a scroll of magic mapping {unknown}
 n - a scroll of fear {unknown}


   Skills:
 + Level 3.5 Fighting
 * Level 4.0 Long Blades
 + Level 3.8 Armour
 + Level 1.4 Dodging
 + Level 4.3 Shields


You had 3 spell levels left.
You didn't know any spells.
Your spell library was empty.

Dungeon Overview and Level Annotations

Branches:
Dungeon (3/12)

Altars:
Hepliaklqana
Kikubaaqudgha
Uskayaw


Innate Abilities, Weirdness & Mutations

You do not eat or drink.
You are immune to poison.
Your flesh is cold resistant. (rC+)
Your body sometimes deteriorates upon taking damage.
You are immune to negative energy. (rN+++)
You are immune to unholy pain and torment.
You can survive without breathing.
When hurt, damage is shared between your health and your magic reserves.
Your movements are slightly less encumbered by armour. (ER -2)
Casting spells heals you.


Message History

You hit the goblin.
You kill the goblin!
You block the rat's attack.
The kobold hits you with a +0 short sword.
The gnoll hits you with a +0 flail!
* * * LOW HITPOINT WARNING * * *
You block the rat's attack. You block the rat's attack.
You see here a +0 dagger.
You hit the gnoll.
The gnoll is moderately wounded.
You block the gnoll's attack.
The kobold hits you with a +0 short sword.
* * * LOW HITPOINT WARNING * * *
You block the rat's attack.
You barely miss the gnoll.
The gnoll is moderately wounded.
The gnoll barely misses you.
The kobold hits you with a +0 short sword.
You die...

###'###.(# #.# #..#
########'####.##
..........###..###
......)...'......#
..........####...#
..........# #...#
..........# ##..#
..........#####g@####
..........##...rK†..#
##...#######...†....#
#...# #...###''###
#...# #...#≈≈..≈≈#
#..(# #...#≈#.##≈#
#...# #.^.#≈##..≈#
##### #...#≈..##≈#
#...#≈##.#≈#


You could see a gnoll, a kobold and a rat.

Vanquished Creatures
  A howler monkey (D:2)
  An adder (D:2)
  5 worms
  4 dart slugs
  3 leopard geckos
  2 ball pythons (D:2)
  6 goblins
  8 hobgoblins
  2 quokkas (D:2)
  4 bats
  2 frilled lizards
  4 kobolds (D:2)
  6 rats
48 creatures vanquished.

Vanquished Creatures (others)
  5 toadstools (D:1)
5 creatures vanquished.

Grand Total: 53 creatures vanquished

Notes
Turn   | Place    | Note
-------+----------+-------------------------------------------
     0 | D:1      | Freyura the Skeleton Fighter began the quest for the Orb.
     0 | D:1      | Reached XP level 1. HP: 14/14 MP: 1/1
   233 | D:1      | Reached XP level 2. HP: 19/19 MP: 2/2
   819 | D:2      | Reached XP level 3. HP: 22/23 MP: 1/3
   867 | D:2      | Reached skill level 1 in Dodging
  1183 | D:2      | Reached XP level 4. HP: 7/28 MP: 1/4
  1403 | D:2      | Found a hide-covered altar of Uskayaw.
  1404 | D:2      | Found a hazy altar of Hepliaklqana.
  1404 | D:2      | Found an ancient bone altar of Kikubaaqudgha.
  1780 | D:2      | Slain by a kobold

Skill      XL: |  1  2  3  4 |
---------------+-------------+-----
Long Blades    | 3 4 |  4.0
Shields        | 4 |  4.3
Dodging        | 1 |  1.4
Fighting       | |  3.5
Armour         | |  3.8

Action                   |  1- 3 |  4- 6 || total
-------------------------+-------+-------++-------
Melee: Long sword        |   159 |    57 ||   216
  Use: Scroll            |       |     2 ||     2
 Stab: Sleeping          |     1 |     1 ||     2
Armor: Scale mail        |    83 |    24 ||   107
Dodge: Dodged            |    38 |    24 ||    62
Block: Shield            |   100 |    42 ||   142
